 Dungeon Crawl Stone Soup version 0.22-a0-619-ga0c6fd2 (webtiles) character file.

82 Amnesiac the Magician (level 4, 0/30 HPs)
             Began as a Mummy Earth Elementalist on July 14, 2018.
             Slain by a hound (5 damage)
             ... on level 4 of the Dungeon.
             The game lasted 00:02:28 (1098 turns).

Amnesiac the Magician (Mummy Earth Elementalist)    Turns: 1098, Time: 00:02:29

Health: 0/30       AC:  2    Str: 11    XL:     4   Next: 21%
Magic:  7/8        EV: 12    Int: 15    God:
Gold:   103        SH:  0    Dex: 12    Spells: 6/9 levels left

rFire    x . .     SeeInvis .   a - +0 dagger
rCold    + . .     Gourm    .   (no shield)
rNeg     + + +     Faith    .   c - +0 robe
rPois    ∞         Spirit   .   (no helmet)
rElec    .         Reflect  .   (no cloak)
rCorr    .         Harm     .   (no gloves)
MR       .....                  (no boots)
Stlth    ++........             (no amulet)
HPRegen  0.10/turn              (no ring)
MPRegen  0.11/turn              (no ring)

@: no status effects
A: no food or potions, fire vulnerability, cold resistance 1, negative energy
resistance 3, torment resistance, unbreathing
a: no special abilities


You were on level 4 of the Dungeon.
You were not hungry.

You visited 1 branch of the dungeon, and saw 4 of its levels.

You collected 103 gold pieces.

Inventory:

Hand Weapons
 a - a +0 dagger (weapon)
Missiles
 b - 102 stones (quivered)
Armour
 c - a +0 robe (worn)
Wands
 d - a wand of flame (22)


   Skills:
 - Level 1.0 Short Blades
 - Level 1.5 Dodging
 + Level 1.7 Stealth
 - Level 3.0 Spellcasting
 * Level 2.3 Transmutations
 - Level 3.0 Earth Magic


You had 6 spell levels left.
You knew the following spells:

 Your Spells              Type           Power        Failure   Level  Hunger
a - Sandblast             Erth           ##....       6%          1    N/A
b - Passwall              Tmut/Erth      ##......     10%         2    N/A

Your spell library contained the following spells:

 Spells                   Type           Power        Failure   Level  Hunger
 Stone Arrow              Conj/Erth      #.....       32%         3    N/A
 Lee's Rapid Deconstruct  Erth           ##........   85%         5    N/A
 Petrify                  Tmut/Erth      ##......     54%         4    N/A

Dungeon Overview and Level Annotations

Branches:
Dungeon (4/15)
 Temple: D:4-7

Altars:
Trog

Annotations:
D:4 Dowan, Duvessa


Innate Abilities, Weirdness & Mutations

You do not eat or drink.
Your flesh is vulnerable to fire.
You are immune to poison.
Your flesh is cold resistant. (rC+)
You are immune to negative energy. (rN+++)
You are immune to unholy pain and torment.
You can survive without breathing.


Message History

The blast of sand hits the adder.
The adder is severely wounded.
b - 78 stones The adder completely misses you.
The adder closely misses you.
You closely miss the adder.
The adder is severely wounded.
The frilled lizard barely misses you. The adder bites you.
You barely miss the frilled lizard. The frilled lizard bites you.
The adder misses you.
You hit the frilled lizard.
You kill the frilled lizard!
The adder bites you. The adder closely misses you.
You hit the adder.
You kill the adder!
You see here 20 sling bullets.
An orc priest comes into view. It is wielding a hand axe.
Found a brass ring.
An orc priest is nearby!
Found 15 gold pieces.
f - a brass ring Put on which piece of jewellery? (? for menu, Esc to quit)
f - a ring of poison resistance (left hand)
You start resting.
Magic restored.
Drop what? 6/52 slots (_ for help) (? for menu, Esc to quit)
You remove your ring of poison resistance.
You drop an uncursed ring of poison resistance.
You now have 103 gold pieces (gained 15).
A hound comes into view.
A giant cockroach comes into view.
Found 25 stones.
The hound barely misses you. The hound bites you. The hound barely misses you.
An ogre and Duvessa come into view.
You see here 25 stones.
b - 103 stones (gained 25)
The ogre shouts!
You hear a shout!
Duvessa shouts!
The hound bites you.
The giant cockroach waves its antennae.
Dowan, Brother of Duvessa comes into view.
He is wielding a dagger.
The hound bites you.
A phantom comes into view.
The phantom blinks!
The ogre hits you with a giant club!
* * * LOW HITPOINT WARNING * * *
The hound barely misses you.
Dowan gestures at Duvessa while chanting.
Duvessa seems to speed up.
The hound misses you.
Really read
e - a scroll labeled TOLAMI SOYHURPH {!r}?
As you read the scroll labeled TOLAMI SOYHURPH {!r}, it crumbles to dust.
It is a scroll of identify.
You don't have any unidentified items.
The hound barely misses you.
Casting: Sandblast (safe; 6% risk of failure)
Confirm with . or Enter, or press ? or * to list all spells.
Aiming: Sandblast (safe; 6% risk of failure)
Press: ? - help, Shift-Dir - straight line, f - hound
Aim: a hound The blast of sand hits the hound.
The hound is moderately wounded.
b - 102 stones The hound bites you.
You die...

######.#####..............<
#.# #..........####. #.#
#............(.. #.#
#..=...###...... #.##
#......# #.##... #..#
######## ###.... ##.#
...... ######s#### ....###
.......eOh@# ....#
.§....We#### .### ........#
.......W. .........
.......## ....... ......


You could see a phantom, Duvessa, an ogre, Dowan, a hound and a giant cockroach.

Vanquished Creatures
  A jelly (D:3)
  2 adders
  An ooze (D:3)
  A worm (D:3)
  A leopard gecko (D:2)
  An orc (D:3)
  A bat (D:1)
  3 giant cockroaches
  6 goblins
  3 hobgoblins
  A frilled lizard (D:4)
  2 kobolds
  A rat (D:3)
24 creatures vanquished.

Notes
Turn   | Place    | Note
-------+----------+-------------------------------------------
     0 | D:1      | Amnesiac the Mummy Earth Elementalist began the quest for the Orb.
     0 | D:1      | Reached XP level 1. HP: 13/13 MP: 4/4
   383 | D:2      | Reached XP level 2. HP: 17/19 MP: 5/5
   387 | D:2      | Learned a level 2 spell: Passwall
   414 | D:2      | Reached skill level 1 in Transmutations
   792 | D:3      | Reached XP level 3. HP: 22/24 MP: 5/7
   797 | D:3      | Found a bloodstained altar of Trog.
   865 | D:3      | Reached skill level 1 in Short Blades
   892 | D:3      | Reached XP level 4. HP: 25/30 MP: 4/8
  1091 | D:4      | Noticed Duvessa
  1091 | D:4      | Noticed an ogre
  1092 | D:4      | Noticed Dowan
  1093 | D:4      | Noticed a phantom
  1098 | D:4      | Slain by a hound

Vault maps used:
D:1:      dpeg_arrival_rooms_b, minmay_pentomino_p4
D:2:      first_ration, roderic_serpentine_path, bh_walls_and_bars
D:3:      lemuel_doored_altar, hex_large
D:4:      elyvilon_altar_5, lemuel_round_altar, serial_curves, eino_curves_01,
          eino_curves_02, lightli_minifort, uniq_duvessa, uniq_edmund

Skill      XL: |  1  2  3 |
---------------+----------+-----
Spellcasting   | 3 |  3.0
Transmutations | 1 2 |  2.3
Earth Magic    | 3 |  3.0
Short Blades   | 1 |  1.0
Dodging        | |  1.5
Stealth        | |  1.7

Action                   |  1- 3 |  4- 6 || total
-------------------------+-------+-------++-------
Melee: Dagger            |    51 |    26 ||    77
 Cast: Sandblast         |    14 |     7 ||    21
  Use: Scroll            |       |     1 ||     1
Armor: Robe              |    10 |     4 ||    14
Dodge: Dodged            |    42 |    25 ||    67

Table legend:
 A = Spawn XP
 B = Non-spawn XP
 C = Spawn XP percentage of total XP
 D = Spawn monster count
 E = Non-spawn monster count
 F = Spawn count percentage of total count
 G = Total turns spent on level
                    A         B        C        D         E        F      G
               +---------+---------+-------+---------+---------+-------+---------
         Total |       0 |     118 |   0.0 |       0 |      24 |   0.0 |  1098
               +---------+---------+-------+---------+---------+-------+---------
           D:1 |       0 |       6 |   0.0 |       0 |       3 |   0.0 |   105
           D:2 |       0 |      32 |   0.0 |       0 |      10 |   0.0 |   595
           D:3 |       0 |      66 |   0.0 |       0 |       9 |   0.0 |   345
           D:4 |       0 |      14 |   0.0 |       0 |       2 |   0.0 |    53
               +---------+---------+-------+---------+---------+-------+---------
